Map: Rosanegro LE

Players

Corsani

  • Race: Protoss Protoss
  • League: Gold
  • Spawn Location: 7:00

IagoAbreu - Winner!

  • Race: Protoss Protoss
  • League: Silver
  • Spawn Location: 1:00

VOD

Have the link to the VOD?

Description

Time

  • Played on: March 9, 2018, 5:30 p.m.
  • Length: 5:11
Show
View Real Time Build Order
Export as new Build Order

Corsani Protoss 

Build Orders:  

Get SALT Encoding   

  12  0:04  Probe (Chrono Boost)  
  13  0:13  Probe (Chrono Boost)  
  14  0:22  Pylon  
  14  0:24  Probe  
  15  0:40  Probe  
  16  0:45  Gateway  
  16  0:49  Assimilator  
  16  0:52  Probe (Chrono Boost)  
  17  1:07  Probe (Chrono Boost)  
  18  1:12  Probe (Chrono Boost)  
  19  1:22  Probe  
  20  1:34  Probe  
  20  1:35  Cybernetics Core  
  20  1:36  Zealot  
  23  1:45  Forge  
  23  2:14  Pylon  
  23  2:21  Pylon  
  23  2:34  Twilight Council  
  23  2:39  Zealot  
  23  2:43  Assimilator  
  25  2:47  Pylon, Probe  
  26  2:59  Probe  
  29  3:20  Stalker  
  29  3:46  Photon Cannon  
  29  3:50  Photon Cannon  
  29  3:51  Sentry  
  31  3:56  Nexus  
  31  4:06  Pylon  
Show
View Real Time Build Order
Export as new Build Order

IagoAbreu Protoss - Winner!

Build Orders:  

Get SALT Encoding   

  12  0:12  Pylon  
  12  0:16  Probe (Chrono Boost)  
  13  0:26  Probe (Chrono Boost)  
  14  0:34  Forge  
  14  0:38  Probe  
  15  0:46  Pylon  
  15  0:58  Probe (Chrono Boost)  
  16  1:06  Gateway  
  16  1:10  Probe (Chrono Boost)  
  17  1:20  Photon Cannon  
  17  1:23  Assimilator  
  17  1:35  Assimilator  
  17  1:38  Probe  
  18  1:45  Gateway  
  18  1:55  Photon Cannon  
  18  2:04  Cybernetics Core  
  18  2:10  Probe (Chrono Boost)  
  19  2:20  Probe (Chrono Boost)  
  20  2:25  Probe (Chrono Boost)  
  21  2:32  Protoss Ground Weapons Level 1 (Chrono Boost)  
  21  2:38  Gateway  
  21  2:46  Adept  
  21  2:48  Adept  
  25  2:54  Probe  
  26  3:06  Probe  
  26  3:11  Pylon  
  27  3:19  Adept x2  
  31  3:29  Adept  
  33  3:37  Pylon  
  33  3:58  Stargate  
  33  4:00  Adept x3  
Tags
 
Matchup
PvP
Spawn Locations
Cross Positions
Add a new tag
Caveats
  • Supply blocks, unpowered buildings, or Contaminate may cause inaccurate times.
  • Supply counts are checked every 10 seconds.